 Dungeon Crawl Stone Soup version 0.31.0-12-g77e489cdc1 (webtiles) character file.

Game seed: 5605252338755548479

93 Brozuf the Digger (level 4, 0/24 HPs)
             Began as a Gargoyle Earth Elementalist on Feb 21, 2024.
             Incinerated by a bombardier beetle (5 damage)
             ... with a burning spray
             ... on level 3 of the Dungeon.
             The game lasted 00:03:24 (2416 turns).

Brozuf the Digger (Gargoyle Earth Elementalist)     Turns: 2416, Time: 00:03:24

Health: 0/24       AC:  7    Str: 12    XL:     4   Next: 62%
Magic:  5/8        EV: 12    Int: 17    God:
Gold:   139        SH:  0    Dex: 10    Spells: 8/9 levels left

rFire   . . .        m - staff of conjuration
rCold   . . .        (no shield)
rNeg    + . .        a - +0 robe
rPois   ∞            (no helmet)
rElec   +            i - +1 cloak
rCorr   .            (no gloves)
SInv    .            (no boots)
Will    .....        (no amulet)
Stlth   +            (no ring)
HPRegen 0.24/turn    (no ring)
MPRegen 0.11/turn

%: no passive effects
@: on fire, glowing
A: sickness immunity, AC +3, negative energy resistance 1, electricity
resistance, torment resistance 1, petrification resistance
a: no special abilities


You were on level 3 of the Dungeon.
You visited 1 branch of the dungeon, and saw 3 of its levels.

You collected 139 gold pieces.

Inventory:

Hand Weapons
 k - a +2 spear of freezing
Armour
 a - a +0 robe (worn)
 i - a +1 cloak (worn)
Magical Staves
 m - a staff of conjuration (weapon)
Jewellery
 c - an amulet of reflection
Scrolls
 d - 2 scrolls of blinking {unknown}
 f - 2 scrolls of teleportation {unknown}
 j - 3 scrolls of identify {unknown}
Potions
 b - a potion of magic
 e - a potion of brilliance {unknown}
 g - a potion of haste {unknown}
 h - a potion of enlightenment {unknown}
 l - a potion of attraction {unknown}
 n - a potion of heal wounds {unknown}
 o - 2 potions of resistance {unknown}
 p - a potion of ambrosia {unknown}
 q - a potion of degeneration {unknown}


   Skills:
 - Level 1.6 Dodging
 - Level 2.3 Stealth
 + Level 3.0 Spellcasting
 + Level 2.6 Conjurations
 + Level 4.6 Earth Magic


You had 8 spell levels left.
You knew the following spells:

 Your Spells              Type           Power      Damage    Failure   Level
a - Sandblast             Erth           36%        2d10      2%          1

Your spell library contained the following spells:

 Spells                   Type           Power      Damage    Failure   Level
 Passwall                 Erth           18%        N/A       8%          3
 Kiss of Death            Conj/Necr      40%        2d8       10%         1
 Stone Arrow              Conj/Erth      44%        3d9       12%         3
 Brom's Barrelling Bould  Conj/Erth      22%        2d4       36%         4
 Confusing Touch          Hex            2%         N/A       45%         3
 Petrify                  Alch/Erth      10%        N/A       56%         4
 Iskenderun's Battlesphe  Conj           17%        2d7       85%         5
 Dispel Undead            Necr           2%         3d7       86%         4
 Fireball                 Conj/Fire      5%         3d5       95%         5
 Conjure Ball Lightning   Conj/Air       5%         3x3d6     100%        6
 Orb of Destruction       Conj           8%         9d6       100%        7


Dungeon Overview and Level Annotations

Branches:
Dungeon (3/15)

Altars:

Annotations:
D:2 exclusion: phantom


Innate Abilities, Weirdness & Mutations

You are immune to sickness and miasma.
Your stone body is resilient. (AC +3)
You are immune to poison.
You resist negative energy. (rN+)
You are resistant to electric shocks. (rElec)
You are resistant to unholy torment.
You are immune to petrification.


Message History

Confirm with . or Enter, or press ? or * to list all spells.
You can't see any susceptible monsters within range! (Use Z to cast anyway.)
The bombardier beetle sprays incendiary fluid at you.
The burning spray hits you.
You are covered in liquid fire!
Casting: Sandblast (safe; 3% risk of failure)
Confirm with . or Enter, or press ? or * to list all spells.
Aiming: Sandblast (safe; 3% risk of failure)
Press: ? - help, Shift-Dir - straight line, f - bombardier beetle
Aim: a bombardier beetle (89% to hit)
The blast of sand hits the bombardier beetle!
The bombardier beetle is heavily wounded.
The liquid fire burns you!
A bat comes into view.
The bat barely misses you.
The bombardier beetle sprays incendiary fluid at you.
The burning spray hits you.
You are even more covered in liquid fire!
Casting: Sandblast (safe; 3% risk of failure)
Confirm with . or Enter, or press ? or * to list all spells.
Aiming: Sandblast (safe; 3% risk of failure)
Press: ? - help, Shift-Dir - straight line, f/p - bombardier beetle
Aim: a bombardier beetle (heavily wounded, 89% to hit)
The blast of sand hits the bombardier beetle!
You kill the bombardier beetle!
The liquid fire burns you! The bat hits you but does no damage.
Your Spellcasting skill increases to level 3!
Casting: Sandblast (safe; 2% risk of failure)
Confirm with . or Enter, or press ? or * to list all spells.
Aiming: Sandblast (safe; 2% risk of failure)
Press: ? - help, Shift-Dir - straight line, f - bat
Aim: a bat (73% to hit)
The blast of sand hits the bat.
You kill the bat!
The liquid fire burns you!
* * * LOW HITPOINT WARNING * * *
You shake off some of the fire as you move.
The liquid fire burns you!
You die...

#.# .. .# ##.#
.. #..#
....####<###
#........#
#########....#
...........@.#
#########....#
#......!†......
................
#.#.#......)....
##........†.....
#.#............
#.#............
#.........###


There were no monsters in sight!

Vanquished Creatures
  A bombardier beetle (D:3)
  An adder (D:2)
  A dart slug (D:1)
  2 ribbon worms (D:2)
  6 ball pythons (D:2)
  5 endoplasms
  3 giant cockroaches (D:1)
  3 goblins (D:1)
  A hobgoblin (D:2)
  2 quokkas (D:1)
  8 bats
  A frilled lizard (D:2)
  A kobold (D:1)
  4 rats (D:1)
39 creatures vanquished.

Notes
Turn   | Place    | Note
-------+----------+-------------------------------------------
     0 | D:1      | Brozuf the Gargoyle Earth Elementalist began the quest for
                  | the Orb.
     0 | D:1      | Reached XP level 1. HP: 10/10 MP: 3/3
   401 | D:1      | Reached XP level 2. HP: 15/15 MP: 0/5
   903 | D:1      | Reached skill level 4 in Earth Magic
  1042 | D:1      | Reached XP level 3. HP: 19/19 MP: 4/6
  1637 | D:2      | Found a faded altar of an unknown god.
  1767 | D:2      | Noticed a phantom
  2094 | D:2      | Reached XP level 4. HP: 24/24 MP: 3/8
  2416 | D:3      | Incinerated by a bombardier beetle

Illustrated notes

Levels and vault maps discovered:
D:1:      spicycebolla_arrival_transporter_tutorial, layout_loops_corners
D:2:      layout_basic, nicolae_ecumenical_snake_handling
D:3:      lemuel_castle_with_subvaults [lemuel_castle_interior_carwin_1],
          layout_rooms, uniq_terence

Skill      XL: |  1  2  3  4 |
---------------+-------------+-----
Earth Magic    | 4 |  4.6
Conjurations   | 2 |  2.6
Spellcasting   | 3 |  3.0
Dodging        | |  1.6
Stealth        | |  2.3

Action                     |  1- 3 |  4- 6 || total
---------------------------+-------+-------++-------
  Melee: Unarmed           |    19 |       ||    19
         Punch             |     1 |       ||     1
         Spear             |     2 |       ||     2
   Cast: Sandblast         |    55 |     4 ||    59
 Armour: Robe              |    23 |     1 ||    24
  Dodge: Dodged            |    37 |     1 ||    38
